 Dungeon Crawl Stone Soup version 0.25-a0-310-g60f0ac2d9a (webtiles) character file.

Game seed: 16798331168515850033, levelgen mode: deterministic

77 crombo the Skirmisher (level 4, -1/41 HPs)
             Began as a Minotaur Berserker on Dec 23, 2019.
             Was a Believer of Trog.
             Slain by a leopard gecko (5 damage)
             ... on level 2 of the Dungeon.
             The game lasted 00:01:39 (1437 turns).

crombo the Skirmisher (Minotaur Berserker)          Turns: 1437, Time: 00:01:39

Health: -1/41      AC:  2    Str: 22    XL:     4   Next: 14%
Magic:  3/3        EV: 12    Int:  9    God:    Trog [**....]
Gold:   81         SH:  0    Dex: 10    Spells: 3/3 levels left

rFire    . . .     SeeInvis .   a - +0 mace
rCold    . . .     Gourm    .   (no shield)
rNeg     . . .     Faith    .   b - +0 animal skin
rPois    .         Spirit   .   (helmet restricted)
rElec    .         Reflect  .   (no cloak)
rCorr    .         Harm     .   (no gloves)
MR       .....                  (no boots)
Stlth    +.........             (no amulet)
HPRegen  0.13/turn              (no ring)
MPRegen  0.08/turn              (no ring)

@: brilliant, hasted, very quick
A: retaliatory headbutt, horns 2
a: Berserk, Trog's Hand, Renounce Religion


You were on level 2 of the Dungeon.
You worshipped Trog.
Trog was pleased with you.
You were not hungry.

You visited 1 branch of the dungeon, and saw 2 of its levels.

You collected 81 gold pieces.

Inventory:

Hand Weapons
 a - a +0 mace (weapon)
Armour
 b - a +0 animal skin (worn)
Jewellery
 d - a +4 ring of evasion {unknown}
Scrolls
 g - a scroll of remove curse {unknown}
 i - a scroll of enchant weapon {unknown}
 j - 2 scrolls of teleportation {unknown}
 k - a scroll of random uselessness {unknown}
Potions
 f - a potion of berserk rage
Comestibles
 c - 2 rations


   Skills:
 + Level 4.8 Fighting
 + Level 4.6 Maces & Flails
 + Level 2.6 Armour
 + Level 2.8 Dodging


You had 3 spell levels left.
You didn't know any spells.
Your spell library was empty.

Dungeon Overview and Level Annotations

Branches:
Dungeon (2/15)

Altars:


Innate Abilities, Weirdness & Mutations

You reflexively headbutt those who attack you in melee.
You have a pair of horns on your head.


Message History

The adder is moderately wounded.
You feel sick.
You are no longer poisoned.
The adder closely misses you. The leopard gecko bites you.
* * * LOW HITPOINT WARNING * * *
The adder completely misses you.
It was a potion of haste.
You feel yourself speed up.
The leopard gecko bites you but does no damage.
The adder bites you.
* * * LOW HITPOINT WARNING * * *
The leopard gecko bites you.
* * * LOW HITPOINT WARNING * * *
It was a potion of brilliance.
You feel clever all of a sudden. The adder closely misses you.
You furiously retaliate!
You headbutt the adder.
Okay, then.
You miss the adder. Your headbutt misses the adder.
The adder is severely wounded.
The leopard gecko bites you.
You die...

### ..# ##.###
.# ..#
.....##.###
..# .........
..#
.......####
..###
.(...?....
....#
.rg.....#
..#.#
#lS...... ..#
#. #@# #.# #..
#######.# #.#
#..# #.......#
#.#
#..###.#######
#.# #........#
..# #........#
..# #........#
..# #..##....#
.<#.#....†...#


You could see an adder, a leopard gecko, a goblin and a rat.

Vanquished Creatures
  Robin (D:2)
  An adder (D:2)
  3 dart slugs
  A leopard gecko (D:1)
  A giant cockroach (D:2)
  20 goblins
  9 hobgoblins
  A frilled lizard (D:1)
  2 kobolds
  7 rats
46 creatures vanquished.

Notes
Turn   | Place    | Note
-------+----------+-------------------------------------------
     0 | D:1      | crombo the Minotaur Berserker began the quest for the Orb.
     0 | D:1      | Reached XP level 1. HP: 19/19 MP: 0/0
   125 | D:1      | Reached XP level 2. HP: 25/27 MP: 1/1
   756 | D:2      | Noticed Robin
   767 | D:2      | Reached XP level 3. HP: 34/34 MP: 2/2
   779 | D:2      | Killed Robin
  1084 | D:2      | Reached ** piety under Trog
  1373 | D:2      | Reached XP level 4. HP: 35/41 MP: 3/3
  1437 | D:2      | Slain by a leopard gecko

Levels and vault maps discovered:
D:1:      wander_arrival_fairy_ring, layout_loops_corners, minmay_box_of_dots
D:2:      layout_basic, yredelemnul_forgotten_temple_becter,
          minmay_crystal_room, uniq_robin, uniq_terence

Skill      XL: |  1  2 |
---------------+-------+-----
Fighting       | 4 |  4.8
Maces & Flails | 4 |  4.6
Armour         | |  2.6
Dodging        | |  2.8

Action                   |  1- 3 |  4- 6 || total
-------------------------+-------+-------++-------
Melee: Mace              |    71 |    13 ||    84
       Headbutt          |    11 |       ||    11
Invok: Berserk           |     2 |       ||     2
  Use: Potion            |     1 |     2 ||     3
  Eat: Ration            |     1 |       ||     1
Armor: Animal skin       |    12 |     6 ||    18
Dodge: Dodged            |    63 |    19 ||    82

Table legend:
 A = Non-vault XP
 B = Vault XP
 C = Vault XP percentage of total XP
 D = Non-vault monster count
 E = Vault monster count
 F = Vault count percentage of total count
                 A         B        C        D         E       F
            +---------+---------+-------+---------+---------+-------
      Total |      73 |      38 |  34.2 |      31 |      15 |  32.6
            +---------+---------+-------+---------+---------+-------
        D:1 |      28 |       3 |   9.7 |      14 |       3 |  17.6
        D:2 |      45 |      35 |  43.8 |      17 |      12 |  41.4
            +---------+---------+-------+---------+---------+-------
